 Dungeon Crawl Stone Soup version 0.30-a0-715-gdb4ae3ece1 (webtiles) character file.

Game seed: 2139932052080130026

3816417 testman the Impregnable (level 26, 178/261 HPs)
             Began as an Armataur Fighter on Jan 23, 2023.
             Was the Champion of Trog.
             Escaped with the Orb
             ... and 5 runes on Jan 24, 2023!
             The game lasted 05:30:51 (53945 turns).

testman the Impregnable (Armataur Fighter)         Turns: 53945, Time: 05:30:51

Health: 178/261    AC: 64    Str: 32    XL:     26   Next: 90%
Magic:  7/7        EV: 12    Int: 13    God:    Trog [******]
Gold:   6152       SH: 30    Dex: 12    Spells: 25/25 levels left

rFire   + . .      SeeInvis +    n - +9 demon whip (antimagic)
rCold   + + +      Faith    +    A - +8 tower shield {rC+}
rNeg    + . .      Spirit   .    j - +12 gold dragon scales
rPois   +          Reflect  .    P - +2 hat
rElec   +          Harm     .    K - +2 cloak
rCorr   .          Roll     +    r - +2 pair of gloves "Nukleup" {rC+ Int+5}
Will    +++..                    f - +10 Black Knight's barding {ponderous, rPois rN+} Stlth
                                 I - amulet of Scepticism {Faith rPois rC+ Will+ Slay+2}
HPRegen 0.63/turn                C - +5 ring of evasion
MPRegen 0.10/turn                c - ring of see invisible

@: studying Unarmed Combat, slow
A: large, rugged brown scales 3, deformed body, armoured tail, roll, long
tongue, awkward tongue, hooves 1, horns 1, strong-willed 1, electricity
resistance, MP-powered wands, noise suppression, devolution 1
0: Orb of Zot
}: 5/15 runes: serpentine, barnacled, slimy, silver, abyssal
a: Renounce Religion, Berserk, Trog's Hand, Brothers in Arms


You escaped.
You worshipped Trog.
Trog was exalted by your worship.
You visited 11 branches of the dungeon, and saw 53 of its levels.
You visited the Abyss 4 times.
You visited 1 bazaar.
You also visited: Trove, Bailey, Gauntlet and Ice Cave.

You collected 10622 gold pieces.
You spent 4470 gold pieces at shops.

Inventory:

Hand Weapons
 n - a +9 antimagic demon whip (weapon)
 D - a +9 eveningstar of freezing
 W - a +9 eveningstar of flaming
Missiles
 y - 4 boomerangs of dispersal
 N - 8 throwing nets
 S - 18 silver javelins
Armour
 f - the +10 Black Knight's barding (worn) {ponderous, rPois rN+}
   (You acquired it on level 11 of the Dungeon)

   rPois:     It protects you from poison.
   rN:        It protects you from negative energy.
 j - +12 gold dragon scales (worn)
 m - the +5 helmet "Meghas" {rPois Regen+ Dex+3}
   (You took it off Robin on level 2 of the Dungeon)

   Dex:       It affects your dexterity (+3).
   rPois:     It protects you from poison.
   Regen:     It increases your rate of health regeneration.
 r - the +2 pair of gloves "Nukleup" (worn) {rC+ Int+5}
   (You found it in an ice cave)

   Int:       It affects your intelligence (+5).
   rC:        It protects you from cold.
 A - a +8 tower shield of cold resistance (worn)
 K - a +2 cloak (worn)
 P - a +2 hat (worn)
Jewellery
 c - a ring of see invisible (right hand)
 p - the ring of Fonkih {Fly Dex+4}
   (You found it on level 5 of the Pits of Slime)

   [ring of flight]

   Dex:       It affects your dexterity (+4).
   Fly:       It grants you flight.
 C - a +5 ring of evasion (left hand)
 I - the amulet of Scepticism (around neck) {Faith rPois rC+ Will+ Slay+2}
   (You took it off a minotaur in a Gauntlet)

   [amulet of faith]

   It allows you to gain divine favour quickly.
   Slay:      It affects your accuracy & damage with ranged weapons and melee
   (+2).
   rC:        It protects you from cold.
   rPois:     It protects you from poison.
   Will:      It increases your willpower.
 R - a ring of protection from fire
 T - the ring of Fanaticism {rCorr Slay+3}
   (You bought it in a shop on level 2 of the Orcish Mines)

   [ring of resist corrosion]

   Slay:      It affects your accuracy & damage with ranged weapons and melee
   (+3).
   rCorr:     It protects you from acid and corrosion.
 Y - the ring "Hakyuhir" {rElec rC- Str+4 Int+6 Dex-3}
   (You found it on level 14 of the Dungeon)

   [ring of intelligence]

   Str:       It affects your strength (+4).
   Int:       It affects your intelligence (+6).
   Dex:       It affects your dexterity (-3).
   rC:        It makes you vulnerable to cold.
   rElec:     It insulates you from electricity.
Wands
 l - a wand of polymorph (13)
 s - a wand of charming (58)
 u - a wand of flame (76) (quivered)
 x - a wand of digging (23)
 B - a wand of acid (44)
 J - a wand of roots (31)
 M - a wand of mindburst (14)
Scrolls
 b - 10 scrolls of magic mapping
 e - 29 scrolls of teleportation
 i - 10 scrolls of blinking
 k - 3 scrolls of silence
 L - 13 scrolls of fear
 Z - 8 scrolls of fog
Potions
 g - 21 potions of curing
 o - 21 potions of heal wounds
 q - 10 potions of attraction
 t - 3 potions of invisibility
 v - a potion of magic
 w - 4 potions of resistance
 z - 6 potions of flight
 E - 10 potions of might
 F - a potion of mutation
 H - 3 potions of cancellation
 O - 6 potions of ambrosia
 U - a potion of berserk rage
 V - 11 potions of haste
Miscellaneous
 a - a lightning rod (4/4)
 d - a box of beasts
 h - a condenser vane
 G - a phantom mirror
 Q - a tin of tremorstones (2/2)
 X - a phial of floods


   Skills:
 + Level 21.4 Fighting
 + Level 21.9 Maces & Flails
 + Level 26.4 Armour
 + Level 11.7 Dodging
 + Level 23.2 Shields
 + Level 21.2 Evocations


You had 25 spell levels left.
You didn't know any spells.
Your spell library contained the following spells:

 Spells                   Type           Power      Damage    Failure   Level
 Slow                     Hex            0%         N/A       91%         1
 Sting                    Tmut/Pois      0%         1d3       91%         1
 Summon Small Mammal      Summ           0%         N/A       91%         1
 Blink                    Tloc           0%         N/A       97%         2
 Cigotuvi's Dreadful Rot  Necr/Pois/Air  0%         N/A       97%         2
 Ensorcelled Hibernation  Hex/Ice        0%         N/A       97%         2
 Lesser Beckoning         Tloc           0%         N/A       97%         2
 Momentum Strike          Conj/Tloc      0%         3d8       97%         2
 Poisonous Vapours        Pois/Air       0%         N/A       97%         2
 Static Discharge         Conj/Air       0%         2-2/arc   97%         2
 Confusing Touch          Hex            0%         N/A       99%         3
 Mephitic Cloud           Conj/Pois/Air  0%         N/A       99%         3
 Spider Form              Tmut/Pois      0%         N/A       99%         3
 Summon Guardian Golem    Hex/Summ       0%         N/A       99%         3
 Vampiric Draining        Necr           0%         2d6       99%         3
 Vhi's Electric Charge    Tloc/Air       0%         N/A       99%         3
 Anguish                  Hex/Necr       0%         N/A       100%        4
 Fulminant Prism          Conj/Hex       0%         3d5       100%        4
 Olgreb's Toxic Radiance  Pois           0%         N/A       100%        4
 Arcjolt                  Conj/Air       0%         1d10      100%        5
 Lightning Bolt           Conj/Air       0%         1d11      100%        5
 Summon Cactus Giant      Summ           0%         N/A       100%        6


Dungeon Overview and Level Annotations

Branches:
Dungeon (15/15)            Temple (1/1) D:5            Lair (5/5) D:10
 Shoals (4/4) Lair:3        Snake (4/4) Lair:3        Slime (5/5) Lair:5
    Orc (2/2) D:10            Elf (3/3) Orc:2        Vaults (5/5) D:13
  Crypt (0/3) Vaults:2     Depths (4/4) D:15            Zot (5/5) Depths:4
 Bailey (visited)           IceCv (visited)         Gauntlet (visited)

Altars:
Ashenzari
Cheibriados
Dithmenos
Elyvilon
Fedhas
Gozag
Hepliaklqana
Kikubaaqudgha
Makhleb
Nemelex Xobeh
Okawaru
Qazlal
Ru
Sif Muna
Trog
Uskayaw
Vehumet
Wu Jian
Xom
Yredelemnul
Zin
The Shining One

Shops:
D:3 :   D:5 :   D:7 (   D:8 =   D:12 =   D:13 [   Orc:1 :   Orc:2 (:?=[
Elf:3 =   Snake:3 ?   Snake:4 *   Vaults:3 (   Vaults:4 [   Depths:3 *!*?

Portals:
Hell: Depths:1 Depths:2 Depths:3 Depths:4
Abyss: Depths:1 Depths:3
Pandemonium: Depths:3
Ziggurat: Depths:4

Annotations:
Elf:2 3 runed translucent doors
Depths:1 2 transporters, exclusion: obsidian statue
Depths:4 1 runed translucent door
Zot:2 1 runed translucent door, Cemmere's ghost, veteran TrCK


Innate Abilities, Weirdness & Mutations

You are completely covered in rugged brown scales. (AC +3, +7% HP)
Armour fits poorly on your strangely shaped body.
You have a long armoured tail.
You roll when moving toward enemies. (Rampage)
Your long tongue fully drains potion bottles. (2x potion effects)
Your tongue gives you trouble enunciating. (1.5x scroll delay)
You have large cloven feet.
You have a pair of small horns on your head.
You are strong-willed. (Will+)
You are resistant to electric shocks. (rElec)
You expend magic power (3 MP) to strengthen your wands.
You passively dampen the noise of your surroundings.
You have hidden genetic defects.


Message History

You tail-slap the cherub!
You kill the cherub!
Trog accepts your kill.
Items here: )) [[.
Okay, then.
There is a stone staircase leading up here.
You climb upwards.
There is a stone staircase leading down here.
There is a stone staircase leading up here.
You climb upwards.
There is a stone staircase leading down here.
A Brimstone Fiend comes into view.
You roll towards the Brimstone Fiend!
You hit the Brimstone Fiend.
The Brimstone Fiend's magic leaks into the air.
You kick the Brimstone Fiend, but do no damage.
Your headbutt misses the Brimstone Fiend.
You tail-slap the Brimstone Fiend!
The Brimstone Fiend is moderately wounded.
You punish the Brimstone Fiend, causing immense pain!!!
The Brimstone Fiend's magic leaks into the air.
You kick the Brimstone Fiend, but do no damage.
The Brimstone Fiend is severely wounded.
You hit the Brimstone Fiend.
The Brimstone Fiend's magic leaks into the air.
You kick the Brimstone Fiend!
You headbutt the Brimstone Fiend, but do no damage.
The Brimstone Fiend is almost dead.
The Brimstone Fiend calls on the powers of darkness!
Your body is wracked with pain!
You whack the Brimstone Fiend!
The Brimstone Fiend's magic leaks into the air.
Your kick misses the Brimstone Fiend.
The Brimstone Fiend is almost dead.
You barely miss the Brimstone Fiend. You kick the Brimstone Fiend.
You kill the Brimstone Fiend!
Trog accepts your kill.
You enter the shallow water.
Why would you want to do that?
There is a staircase leading out of the dungeon here.
You have escaped!

♣♣♣♣♣♣ ♣
♣♣♣P♣.P♣♣♣♣♣♣
≈≈≈♣♣♣....♣..P...♣♣
≈≈≈♣
♣.♣.♣♣♣♣♣..@..♣♣ ≈♣
♣♣.♣♣ ♣......♣ ♣♣
♣.♣♣ ♣.♣..♣♣♣ ♣♣.♣♣
♣♣..♣♣ ♣♣.♣ ♣♣.♣♣
♣♣♣..♣ ♣..♣ ♣
♣♣..♣♣♣ ♣♣.♣ ♣♣
♣♣.♣♣♣ ♣.♣ .♣♣♣.♣♣
♣♣♣.♣


There were no monsters in sight!

Vanquished Creatures
  the Royal Jelly (Slime:5)
  Mara (Snake:4)
  3 ancient liches
  2 dread liches (Zot:5)
  6 orbs of fire (Zot:5)
  Saint Roka (Vaults:1)
  Parghit (Depths:3)
  Bai Suzhen (Snake:4)
  5 Killer Klowns (Zot:5)
  Frederick (Depths:3)
  6 curse toes
  13 golden dragons
  Nikola (Shoals:1)
  A profane servitor (Abyss:3)
  A bone dragon (Abyss:4)
  Jory (Vaults:2)
  7 electric golems
  A Brimstone Fiend (D:1)
  26 tentacled monstrosities
  A lich (Depths:3)
  26 Orb Guardians
  A Hell Sentinel (D:12)
  4 deep elf blademasters (Elf:3)
  4 deep elf master archers (Elf:3)
  The ghost of soul19 the Warrior, an adept DsFE of Jiyva (Vaults:1)
  6 quicksilver dragons
  3 titans
  Polyphemus (Shoals:3)
  16 acid blobs
  A kraken (Shoals:3)
  7 death cobs
  3 tentacled starspawn (Abyss:4)
  Frances (D:12)
  5 sphinxes
  10 draconian monks
  The ghost of Holoquod the Severer, an adept MiMo of Ashenzari (Snake:2)
  6 nagarajas (Snake:4)
  4 frost giants
  8 rockslimes
  16 storm dragons
  14 shadow dragons
  4 tengu reavers
  10 deep elf sorcerers
  9 fire giants
  The ghost of Athrin the Severer, a journeyman HOFi of Zin (D:12)
  6 draconian knights
  11 azure jellies
  Aizul (Snake:3)
  18 vault wardens
  An iron dragon (Depths:3)
  10 draconian scorchers
  Louise (Shoals:1)
  3 ghost moths
  4 deep elf elementalists
  3 balrugs
  4 draconian stormcallers
  An orc warlord (Vaults:1)
  6 draconian shifters
  The ghost of Pacasmen the Cleaver, a journeyman DsGl of Hepliaklqana (Snake:2)
  2 demonspawn corrupters
  18 ironbound preservers
  The ghost of GimliDwarf the Stormcaller, an adept TeAE of Vehumet (Snake:4)
  10 quicksilver oozes
  A reaper (IceCv)
  7 draconian annihilators
  3 war gargoyles
  7 ironbound thunderhulks
  20 very ugly things
  2 demonspawn blood saints
  A spriggan defender (Depths:3)
  9 stone giants
  21 green draconians
  11 dire elephants
  14 black draconians
  2 vampire knights
  3 minotaurs
  Azrael (D:15)
  3 deep elf demonologists
  16 purple draconians
  A demonspawn black sun (Depths:4)
  13 white draconians
  6 deep elf annihilators
  4 spark wasps
  13 red draconians
  The ghost of bjtr the Geomancer, a journeyman GrEE of Vehumet (D:14)
  A blizzard demon (Depths:3)
  14 yellow draconians
  7 ettins
  4 entropy weavers
  2 green deaths
  9 fire dragons
  2 deep elf death magi
  3 deep elf high priests
  3 merfolk javelineers
  7 merfolk impalers (Shoals:1)
  11 great orbs of eyes
  A great orb of eyes (shapeshifter) (Vaults:5)
  Josephine (Shoals:1)
  29 vault guards
  20 yaktaur captains
  6 ice dragons
  Harold (D:10)
  Erolcha (Orc:2)
  A peacekeeper (Vaults:2)
  A salamander tyrant (Snake:3)
  A quicksilver dragon skeleton (Abyss:3)
  2 rakshasas (Depths:2)
  3 spriggan air magi
  3 hydras (D:14)
  10 anacondas
  11 ironbound frosthearts
  12 two-headed ogres
  3 merfolk avatars
  3 boulder beetles
  3 ogre magi
  2 catoblepae
  12 satyrs
  4 hell hogs (Abyss:3)
  8 deep troll shamans
  The ghost of Piups the Frost Mage, a journeyman DsIE of Vehumet (Lair:3)
  7 centaur warriors
  3 alligator snapping turtles
  9 dancing weapons
  8 death yaks
  14 naga warriors
  7 naga sharpshooters
  6 deep troll earth magi
  2 spriggan berserkers (Depths:4)
  2 tengu warriors
  A vampire mage (Depths:3)
  A thrashing horror (Abyss:3)
  Nergalle (Orc:1)
  2 sun demons (D:15)
  2 hell knights
  9 shock serpents
  Sonja (Lair:2)
  2 wretched stars (Abyss:4)
  7 iron trolls
  2 sixfirhies (Abyss:3)
  8 skeletal warriors (D:14)
  6 deep elf knights
  A goliath frog (shapeshifter) (Vaults:5)
  7 salamander mystics
  A cherub (D:3)
  24 sea snakes
  3 shadow demons
  4 deep elf archers
  The ghost of Atlas the Thaumaturge, a novice DsFE (D:5)
  55 deep trolls
  2 naga ritualists
  3 glowing orange brains
  8 wizards
  3 necromancers
  13 lindwurms
  A steelbarb worm (shapeshifter) (Vaults:5)
  13 ironbound convokers
  24 deep elf pyromancers
  2 obsidian statues (Zot:5)
  5 phantasmal warriors
  10 orc knights
  19 harpies
  28 starcursed masses
  A wolf spider (Gauntlet)
  11 orc sorcerers
  4 shining eyes
  17 deep elf zephyrmancers
  3 cyclopes
  9 mana vipers
  A cyclops (shapeshifter) (Vaults:1)
  15 fauns
  An oklob plant (Lair:3)
  35 ugly things
  31 manticores
  A manticore (shapeshifter) (Depths:3)
  23 salamanders
  31 moths of wrath
  A rust devil (D:15)
  4 elephants (Lair:1)
  A guardian serpent (shapeshifter) (D:14)
  117 slime creatures
  25 vault sentinels
  10 guardian serpents
  19 naga magi
  22 black mambas
  2 ice statues (IceCv)
  An eye of devastation (Slime:5)
  An apocalypse crab (Abyss:3)
  7 merfolk sirens
  12 cane toads
  8 torpor snails
  5 smoke demons
  A minotaur zombie (Gauntlet)
  2 gargoyles (D:12)
  A hellion (Depths:2)
  4 water nymphs
  4 komodo dragons
  4 unseen horrors
  48 yaktaurs
  3 tengu conjurers
  2 rime drakes (shapeshifter)
  Psyche (D:8)
  A rime drake (Lair:1)
  2 freezing wraiths
  An efreet (D:14)
  5 ice devils (IceCv)
  An anaconda simulacrum (IceCv)
  A queen bee (shapeshifter) (Gauntlet)
  8 trolls
  5 polar bears
  17 merfolk
  3 tyrant leeches (Lair:5)
  9 hornets (Lair:5)
  A hornet (shapeshifter) (Depths:2)
  3 meliai (D:14)
  A troll (shapeshifter) (Gauntlet)
  A hellwing (Abyss:3)
  2 raiju (shapeshifter)
  4 wind drakes
  7 raiju (Abyss:4)
  12 blink frogs
  A blink frog (shapeshifter) (Abyss:2)
  A wolf spider simulacrum (D:15)
  A slime creature (shapeshifter) (Gauntlet)
  A snapping turtle (shapeshifter) (Vaults:5)
  9 snapping turtles
  The ghost of crux the Insei, an amateur OpTm (D:3)
  Prince Ribbit (D:6)
  3 centaur simulacra (D:15)
  A shadow (D:10)
  4 air elementals
  7 fire elementals
  A vampire (D:13)
  9 wraiths
  3 jumping spiders
  31 yaks
  8 wyverns
  Eustachio (D:5)
  10 water elementals
  Grum (D:9)
  A basilisk (D:15)
  An elf zombie (Vaults:3)
  12 golden eyes
  5 neqoxecs (D:14)
  3 steam dragons
  13 vampire mosquitoes
  2 elf skeletons (Vaults:3)
  3 death yak simulacra (IceCv)
  51 nagas
  A warg (Vaults:5)
  2 hell hounds
  An acid dragon (D:12)
  Edmund (D:6)
  A large abomination (Abyss:3)
  A hydra simulacrum (IceCv)
  13 water moccasins
  30 orc warriors
  A sky beast (D:6)
  An ettin simulacrum (Vaults:3)
  A black bear (D:10)
  2 ice beasts
  12 ogres
  A boggart (shapeshifter) (Vaults:4)
  8 boggarts
  19 centaurs
  21 wolves
  2 phantoms
  3 kobold brigands
  A necrophage (D:6)
  4 scorpions
  An earth elemental (Elf:1)
  8 bullfrogs
  3 two-headed ogre simulacra (IceCv)
  A gnoll sergeant (D:11)
  2 small abominations
  8 wights
  A human simulacrum (Vaults:3)
  6 killer bees (D:9)
  9 howler monkeys
  4 electric eels
  A bullfrog zombie (D:5)
  4 crimson imps
  A centaur zombie (D:5)
  A jelly (D:5)
  3 quasits (D:14)
  Crazy Yiuf (D:6)
  18 orc priests
  3 hounds (D:5)
  2 iguanas
  Jessica (D:2)
  37 orc wizards
  3 troll simulacra (IceCv)
  A wolf simulacrum (IceCv)
  2 polar bear simulacra (IceCv)
  A boggart simulacrum (D:15)
  Robin (D:2)
  A howler monkey skeleton (D:5)
  7 adders
  13 gnolls
  4 naga simulacra (IceCv)
  A shadow imp (D:5)
  5 white imps
  3 ufetubi
  A worm (D:3)
  9 dart slugs
  112 orcs
  5 bats
  13 endoplasms
  5 giant cockroaches
  20 goblins
  8 hobgoblins
  A jackal (shapeshifter) (Vaults:4)
  14 jackals
  A quokka (D:1)
  11 ball pythons
  2 frilled lizards
  17 kobolds
  5 rats
2295 creatures vanquished.

Vanquished Creatures (collateral kills)
  A nagaraja (Snake:4)
  A rockslime (Slime:5)
  4 vault guards (Vaults:5)
  A naga warrior (Snake:4)
  2 deep trolls
  2 naga ritualists (Snake:4)
  A harpy (Vaults:3)
  A salamander (Snake:4)
  2 ugly things (Vaults:1)
  4 naga magi (Snake:4)
  2 yaktaurs
  A warg (Vaults:5)
22 creatures vanquished.

Vanquished Creatures (others)
  A white draconian (Zot:3)
  A satyr (Shoals:4)
  A deep elf knight (Elf:3)
  A wizard (D:14)
  A deep elf zephyrmancer (Elf:2)
  A naga (Snake:3)
  An orc warrior (Vaults:5)
  An orc wizard (Orc:2)
  2 ufetubi
  2 orcs
  A demonic plant (Gauntlet)
  38 fungi
  62 plants
  6 starspawn tentacles (Abyss:4)
  19 withered plants
138 creatures vanquished.

Grand Total: 2455 creatures vanquished

Notes
Turn   | Place    | Note
-------+----------+-------------------------------------------
     0 | D:1      | testman the Armataur Fighter began the quest for the Orb.
     0 | D:1      | Reached XP level 1. HP: 19/19 MP: 1/1
   178 | D:1      | Reached XP level 2. HP: 27/27 MP: 2/2
   565 | D:1      | Reached XP level 3. HP: 25/33 MP: 3/3
   860 | D:2      | Noticed Jessica
   863 | D:2      | Killed Jessica
   910 | D:2      | Reached XP level 4. HP: 38/42 MP: 4/4
   920 | D:2      | Identified the +5 helmet "Meghas" {rPois Regen+ Dex+3}
   920 | D:2      | Noticed Robin
   931 | D:2      | Identified a scroll of acquirement
   931 | D:2      | Acquired an amulet of regeneration
   955 | D:2      | Killed Robin
  1037 | D:2      | Identified the +12 short sword "Feanama" {flame, rCorr
                  | Str+3 Dex+3 Stlth+}
  1502 | D:3      | Found a transporter.
  1509 | D:3      | Noticed crux's ghost (amateur OpTm)
  1512 | D:3      | Found a transporter.
  1516 | D:3      | Found Boizucie's Book Shoppe.
  1536 | D:3      | Reached XP level 5. HP: 26/49 MP: 5/5
  2155 | D:3      | Killed crux's ghost
  2156 | D:3      | Reached skill level 5 in Fighting
  2156 | D:3      | Reached XP level 6. HP: 55/59 MP: 6/6
  2397 | D:4      | Reached skill level 5 in Maces & Flails
  2397 | D:4      | Reached skill level 4 in Armour
  2397 | D:4      | Reached XP level 7. HP: 65/65 MP: 7/7
  2968 | D:5      | Entered Level 5 of the Dungeon
  2982 | D:5      | Noticed Eustachio
  2999 | D:5      | Killed Eustachio
  3023 | D:5      | Reached skill level 5 in Armour
  3029 | D:5      | Reached XP level 8. HP: 70/74 MP: 8/8
  3040 | D:5      | Found Fuv Rier's Vocational Training.
  3144 | D:5      | Found a transporter.
  3189 | D:5      | Found a transporter.
  3195 | D:5      | Reached skill level 5 in Shields
  3195 | D:5      | Noticed Atlas's ghost (novice DsFE)
  3318 | D:5      | Found a staircase to the Ecumenical Temple.
  3335 | Temple   | Entered the Ecumenical Temple
  3667 | Temple   | Became a worshipper of Trog the Wrathful
  3884 | Abyss:2  | Cast into level 2 of the Abyss (Atlas's ghost)
  3903 | Abyss:2  | Noticed a large abomination
  3935 | Abyss:2  | Noticed a smoke demon
  4007 | Abyss:2  | a shapeshifter changed into a blink frog
  4007 | Abyss:2  | Noticed a blink frog (shapeshifter)
  4022 | Abyss:2  | Killed a smoke demon
  4023 | Abyss:2  | Reached skill level 6 in Armour
  4024 | Abyss:2  | Killed a blink frog
  4027 | D:5      | Escaped the Abyss
  4048 | D:5      | Killed Atlas's ghost
  4049 | D:5      | Reached skill level 7 in Armour
  4049 | D:5      | Reached XP level 9. HP: 76/84 MP: 9/9
  4150 | D:6      | Noticed Prince Ribbit
  4159 | D:6      | Killed Prince Ribbit
  4280 | D:6      | Reached skill level 8 in Armour
  4390 | D:6      | Noticed Edmund
  4406 | D:6      | Killed Edmund
  4580 | D:6      | Reached * piety under Trog
  4731 | D:6      | Found a runed translucent door.
  4732 | D:6      | Noticed Crazy Yiuf
  4738 | D:6      | Killed Crazy Yiuf
  4801 | D:7      | Reached XP level 10. HP: 94/94 MP: 10/10
  4819 | D:7      | Found a radiant altar of Vehumet.
  4847 | D:7      | Reached skill level 9 in Armour
  4870 | D:7      | Found Exinkel's Antique Weapon Shop.
  5283 | D:7      | Identified the +4 hand axe "Bibbais Dink" {pain, Will+
                  | Str+2 Dex+8}
  5284 | D:7      | Identified the +8 spear "Killer Bee's Regret" {flame, Fly
                  | rCorr Stlth+}
  5480 | D:8      | Noticed a two-headed ogre
  5490 | D:8      | Killed a two-headed ogre
  5493 | D:8      | Reached ** piety under Trog
  5970 | D:8      | Found Xedgh's Jewellery Boutique.
  6253 | D:8      | Noticed Psyche
  6263 | D:8      | Killed Psyche
  6574 | D:9      | Found a flagged portal.
  6583 | D:9      | Noticed a two-headed ogre
  6594 | D:9      | Killed a two-headed ogre
  6595 | D:9      | Reached skill level 10 in Armour
  6597 | D:9      | Noticed a two-headed ogre
  6605 | D:9      | Killed a two-headed ogre
  6613 | Bailey   | Entered a bailey
  6909 | Bailey   | Identified the +3 arbalest "Alaaliro" {flame, MP+9 Int+4}
  6911 | Bailey   | Noticed an orc knight
  6927 | Bailey   | Killed an orc knight
  6928 | Bailey   | Reached XP level 11. HP: 103/103 MP: 11/11
  6929 | Bailey   | Reached *** piety under Trog
  6932 | Bailey   | Reached skill level 11 in Armour
  7145 | D:9      | Noticed Grum
  7165 | D:9      | Killed Grum
  7617 | D:10     | Entered Level 10 of the Dungeon
  7618 | D:10     | Found a staircase to the Lair.
  7624 | D:10     | Reached skill level 10 in Fighting
  7793 | D:10     | Reached **** piety under Trog
  7804 | D:10     | Reached skill level 10 in Maces & Flails
  7807 | D:10     | Found a staircase to the Orcish Mines.
  7841 | D:10     | Identified the +0 dagger of Guilt {heavy, *Noise Int+2
                  | Dex+7}
  7877 | D:10     | Noticed Harold
  7884 | D:10     | Killed Harold
  7885 | D:10     | Reached skill level 12 in Armour
  8166 | D:10     | Noticed a two-headed ogre
  8191 | D:10     | Killed a two-headed ogre
  8551 | Lair:1   | Entered Level 1 of the Lair of Beasts
  8605 | Lair:1   | Reached XP level 12. HP: 97/115 MP: 12/12
  8693 | Lair:1   | Reached skill level 13 in Armour
  9389 | Lair:2   | Found a frozen archway.
  9404 | IceCv    | Entered an ice cave
  9425 | IceCv    | Reached ***** piety under Trog
  9684 | IceCv    | Identified the +2 pair of gloves "Nukleup" {rC+ Int+5}
  9793 | IceCv    | Noticed a reaper
  9805 | IceCv    | Killed a reaper
  9806 | IceCv    | Reached skill level 14 in Armour
 10163 | Lair:2   | Noticed Sonja
 10174 | Lair:2   | Killed Sonja
 10883 | Lair:3   | Found a staircase to the Snake Pit.
 10985 | Lair:3   | Found a runed translucent gate.
 11083 | Lair:3   | Found a blossoming altar of Fedhas.
 11231 | Lair:3   | Reached XP level 13. HP: 120/126 MP: 13/13
 11258 | Lair:3   | Found a runed translucent gate.
 11258 | Lair:3   | Found a runed translucent gate.
 11259 | Lair:3   | Found a staircase to the Shoals.
 11279 | Lair:3   | Noticed Piups's ghost (journeyman DsIE)
 11292 | Lair:3   | Killed Piups's ghost
 11697 | Lair:4   | Reached skill level 10 in Shields
 11697 | Lair:4   | Reached XP level 14. HP: 135/135 MP: 14/14
 11697 | Lair:4   | Reached XP level 15. HP: 143/143 MP: 15/15
 12138 | Lair:5   | Entered Level 5 of the Lair of Beasts
 12138 | Lair:5   | Found a staircase to the Slime Pits.
 12160 | Lair:4   | Reached skill level 15 in Armour
 12768 | Lair:5   | Found a runed translucent door.
 12892 | Lair:5   | Identified the +9 broad axe of a Gauntlet {heavy, rN+}
                  | (Trog gifted it to you on level 5 of the Lair of Beasts)
 12892 | Lair:5   | Received a gift from Trog
 13137 | Orc:1    | Entered Level 1 of the Orcish Mines
 13141 | Orc:1    | Noticed Nergalle
 13154 | Orc:1    | Killed Nergalle
 13323 | Orc:1    | Found Rievvugg's Book Boutique.
 13561 | Orc:2    | Entered Level 2 of the Orcish Mines
 13830 | Orc:2    | Found an iron altar of Okawaru.
 13916 | Orc:2    | Found Qahytub's Antique Armour Shoppe.
 13943 | Orc:2    | Found a staircase to the Elven Halls.
 14048 | Orc:2    | Found Jeubes's Jewellery Shop.
 14092 | Orc:2    | Found an ancient bone altar of Kikubaaqudgha.
 14110 | Orc:2    | Found Lusulyk's Magic Scroll Shop.
 14118 | Orc:2    | Received a gift from Trog
 14133 | Orc:2    | Bought a scroll of noise for 13 gold pieces
 14137 | Orc:2    | Found a radiant altar of Vehumet.
 14137 | Orc:2    | Noticed Erolcha
 14291 | Orc:2    | Killed Erolcha
 14293 | Orc:2    | Found Jubeneff's Antique Weapon Boutique.
 14319 | Orc:2    | Found Iti Hocs's Book Boutique.
 14916 | Orc:2    | Bought a scroll of identify for 26 gold pieces
 14916 | Orc:2    | Bought a scroll of fear for 52 gold pieces
 14916 | Orc:2    | Bought a scroll of identify for 26 gold pieces
 14916 | Orc:2    | Bought a scroll of blinking for 97 gold pieces
 14916 | Orc:2    | Bought a scroll of blinking for 97 gold pieces
 15122 | D:11     | Found a gate leading to a gauntlet.
 15156 | Gauntlet | Entered a Gauntlet
 15156 | Gauntlet | Found a transporter.
 15156 | Gauntlet | Found a transporter.
 15156 | Gauntlet | Found a transporter.
 15159 | Gauntlet | Found a transporter.
 15160 | Gauntlet | Found a transporter.
 15170 | Gauntlet | Found a transporter.
 15174 | Gauntlet | Found a transporter.
 15184 | Gauntlet | Found a transporter.
 15276 | Gauntlet | Found a transporter.
 15286 | Gauntlet | Found a transporter.
 15290 | Gauntlet | Found a transporter.
 15300 | Gauntlet | Found a transporter.
 15423 | Gauntlet | Reached skill level 16 in Armour
 15457 | Gauntlet | Reached XP level 16. HP: 144/154 MP: 16/16
 15479 | Gauntlet | Identified the amulet "Joox" {RegenMP rCorr Int+3}
 15499 | Gauntlet | Identified the amulet of Scepticism {Faith rPois rC+ Will+
                  | Slay+2}
 15521 | Gauntlet | Got Xoanguom's Anthology of Curses and Sidekicks
 15573 | D:11     | Acquired the +10 Black Knight's barding {ponderous, rPois
                  | rN+}
 15573 | D:11     | Found the +10 Black Knight's barding {ponderous, rPois rN+}
 16017 | D:11     | You fall into a shaft and drop 3 floors!
 16060 | D:14     | Found a transporter.
 16265 | D:13     | Reached ****** piety under Trog
 16267 | D:13     | Received a gift from Trog
 16272 | D:13     | Found Pezosa Calig's Antique Armour Shop.
 16321 | D:12     | Found Efonaul's Jewellery Boutique.
 16631 | D:12     | Found a runed translucent door.
 16634 | D:12     | Noticed Athrin's ghost (journeyman HOFi)
 16652 | D:12     | Killed Athrin's ghost
 16851 | D:12     | Noticed Frances
 16863 | D:12     | Killed Frances
 17635 | D:13     | Reached skill level 1 in Dodging
 17815 | Abyss:3  | Cast into level 3 of the Abyss (a wizard)
 17851 | Abyss:3  | Found a corrupted altar of Lugonu.
 17854 | Abyss:3  | Found a corrupted altar of Lugonu.
 17854 | Abyss:3  | Found a corrupted altar of Lugonu.
 17885 | Abyss:3  | Reached skill level 17 in Armour
 17893 | Abyss:3  | Received a gift from Trog
 17894 | Abyss:3  | Reached skill level 15 in Maces & Flails
 17949 | D:13     | Escaped the Abyss
 17956 | D:13     | Found a gate to the Vaults.
 18212 | D:14     | Found a transporter.
 18228 | D:14     | Noticed bjtr's ghost (journeyman GrEE)
 18240 | D:14     | Killed bjtr's ghost
 18240 | D:14     | Gained mutation: Your mind is acute. (Int +4, Str/Dex -1)
                  | [a neqoxec]
 18249 | D:14     | Gained mutation: You have an increased reservoir of magic.
                  | (+10% MP) [a neqoxec]
 18271 | D:14     | Got the ring "Hakyuhir" {rElec rC- Str+4 Int+6 Dex-3}
 18416 | D:15     | Entered Level 15 of the Dungeon
 18504 | D:15     | Noticed Azrael
 18712 | D:14     | Received a gift from Trog
 18737 | D:15     | Reached XP level 17. HP: 155/164 MP: 18/18
 18744 | D:15     | Killed Azrael
 19287 | D:15     | Found a staircase to the Depths.
 19612 | Snake:1  | Entered Level 1 of the Snake Pit
 19618 | Snake:1  | Received a gift from Trog
 20310 | Snake:2  | Reached skill level 18 in Armour
 20736 | Snake:2  | Found a runed translucent gate.
 20736 | Snake:2  | Found a runed translucent gate.
 20737 | Snake:2  | Found a runed translucent gate.
 20740 | Snake:2  | Noticed Holoquod's ghost (adept MiMo)
 20740 | Snake:2  | Noticed Pacasmen's ghost (journeyman DsGl)
 20762 | Snake:2  | Killed Pacasmen's ghost
 20774 | Snake:2  | Killed Holoquod's ghost
 20787 | Snake:2  | Identified the +3 helmet "Rafucipp" {rF+ SInv}
 21053 | Snake:2  | Reached skill level 15 in Fighting
 21066 | Snake:2  | Received a gift from Trog
 21081 | Snake:2  | Reached skill level 5 in Dodging
 21685 | Snake:3  | Noticed Aizul
 21693 | Snake:3  | Killed Aizul
 21778 | Snake:3  | Reached skill level 15 in Shields
 21834 | Snake:3  | Reached XP level 18. HP: 174/174 MP: 19/19
 21846 | Snake:3  | Found Huluf's Magic Scroll Boutique.
 21850 | Snake:3  | Bought a scroll of enchant armour for 97 gold pieces
 22634 | Snake:4  | Entered Level 4 of the Snake Pit
 22668 | Snake:4  | Noticed Mara
 22683 | Snake:4  | Noticed testman's illusion
 22713 | Snake:4  | Killed Mara
 22713 | Snake:4  | Received a gift from Trog
 22819 | Snake:4  | Found a runed translucent gate.
 22819 | Snake:4  | Found a runed translucent gate.
 22820 | Snake:4  | Found a runed translucent gate.
 22829 | Snake:4  | Noticed GimliDwarf's ghost (adept TeAE)
 22955 | Snake:4  | Reached skill level 19 in Armour
 23121 | Snake:4  | Noticed Bai Suzhen
 23138 | Snake:4  | Killed Bai Suzhen
 23311 | Snake:4  | Found Qonoet's Assorted Antiques.
 23319 | Snake:4  | Bought a potion of heal wounds for 140 gold pieces
 23319 | Snake:4  | Bought a potion of haste for 280 gold pieces
 23325 | Snake:4  | Acquired 670 gold pieces
 23607 | Snake:4  | Received a gift from Trog
 23679 | Snake:4  | Got a serpentine rune of Zot
 23803 | Snake:4  | Killed GimliDwarf's ghost
 23978 | Shoals:1 | Entered Level 1 of the Shoals
 24165 | D:5      | Bought a manual of Evocations for 1120 gold pieces
 24356 | Shoals:1 | Noticed Louise
 24368 | Shoals:1 | Killed Louise
 24369 | Shoals:1 | Reached skill level 1 in Evocations
 24383 | Shoals:1 | Received a gift from Trog
 24719 | Shoals:1 | Noticed Josephine
 24730 | Shoals:1 | Killed Josephine
 24799 | Shoals:1 | Noticed Nikola
 24811 | Shoals:1 | Killed Nikola
 24812 | Shoals:1 | Reached XP level 19. HP: 184/184 MP: 20/20
 25571 | Shoals:2 | Received a gift from Trog
 25913 | Shoals:3 | Reached skill level 5 in Evocations
 26140 | Shoals:3 | Noticed Polyphemus
 26160 | Shoals:3 | Killed Polyphemus
 26624 | Shoals:4 | Entered Level 4 of the Shoals
 26721 | Shoals:4 | Reached skill level 20 in Armour
 26836 | Shoals:4 | Received a gift from Trog
 27009 | Shoals:4 | Paralysed by a sphinx for 2 turns
 27128 | Shoals:4 | Got a barnacled rune of Zot
 27212 | Shoals:4 | Identified the +1 plate armour of Dowdy Knowledge {rPois
                  | rF+ rN+ Str+2}
 27787 | Vaults:1 | Entered Level 1 of the Vaults
 27843 | Vaults:1 | Received a gift from Trog
 28215 | Vaults:1 | Noticed Saint Roka
 28237 | Vaults:1 | Killed Saint Roka
 28238 | Vaults:1 | Reached XP level 20. HP: 195/195 MP: 22/22
 28259 | Vaults:1 | Received a gift from Trog
 28390 | Vaults:1 | Reached skill level 10 in Evocations
 28748 | Vaults:1 | Received a gift from Trog
 28934 | Vaults:1 | Found a runed translucent door.
 28936 | Vaults:1 | Noticed soul19's ghost (adept DsFE)
 28961 | Vaults:1 | Killed soul19's ghost
 29142 | Vaults:2 | Reached skill level 21 in Armour
 29373 | Vaults:2 | Noticed Jory
 29384 | Vaults:2 | Killed Jory
 29466 | Vaults:2 | Received a gift from Trog
 29950 | Vaults:2 | Identified the +2 pair of boots of the Sparrow {rF+ rN+
                  | Will+}
 30183 | Vaults:2 | Found a staircase to the Crypt.
 30183 | Vaults:2 | Found a basalt altar of Yredelemnul.
 30183 | Vaults:2 | Found an ancient bone altar of Kikubaaqudgha.
 30535 | Vaults:3 | Received a gift from Trog
 30759 | Vaults:2 | Reached XP level 21. HP: 205/205 MP: 23/23
 31050 | Vaults:3 | Found Wanic's Weapon Shop.
 31114 | Vaults:3 | Identified the +10 quarterstaff "Hellblazer" {heavy, Str+2
                  | Dex+3}
 31277 | Vaults:3 | Received a gift from Trog
 32115 | Vaults:4 | Identified the amulet of Kesch {rC+ Regen+ Stlth+}
 32176 | Vaults:4 | Received a gift from Trog
 32713 | Vaults:4 | Reached skill level 22 in Armour
 32745 | Vaults:4 | Found Ipavo's Armour Shoppe.
 33165 | Elf:1    | Entered Level 1 of the Elven Halls
 33262 | Abyss:3  | Cast into level 3 of the Abyss (a deep elf sorcerer)
 33296 | Abyss:3  | Found a corrupted altar of Lugonu.
 33320 | Elf:1    | Escaped the Abyss
 33443 | Elf:1    | Identified the +0 ring mail "Muivun" {rElec}
 33547 | Elf:1    | Paralysed by an air elemental for 1 turns
 33637 | Elf:1    | Received a gift from Trog
 34153 | Elf:2    | Found a gateway to a bazaar.
 34171 | Bazaar   | Entered a bazaar
 34171 | Bazaar   | Found Zubis's Magic Scroll Boutique.
 34171 | Bazaar   | Found Miurhomo's Jewellery Shoppe.
 34171 | Bazaar   | Found Biuv's Jewellery Shop.
 34171 | Bazaar   | Found Hiwniw's Distillery.
 34173 | Bazaar   | Found Laxekh's Magic Scroll Shop.
 34173 | Bazaar   | Found Kecorag's Distillery.
 34198 | Bazaar   | Bought a potion of heal wounds for 55 gold pieces
 34198 | Bazaar   | Bought a potion of invisibility for 88 gold pieces
 34204 | Bazaar   | Bought a scroll of blinking for 105 gold pieces
 34204 | Bazaar   | Bought a scroll of acquirement for 728 gold pieces
 34204 | Bazaar   | Bought a scroll of blinking for 105 gold pieces
 34204 | Bazaar   | Bought a scroll of fear for 56 gold pieces
 34212 | Bazaar   | Bought a potion of might for 64 gold pieces
 34212 | Bazaar   | Bought a potion of might for 64 gold pieces
 34220 | Bazaar   | Bought a scroll of blinking for 120 gold pieces
 34220 | Bazaar   | Bought a scroll of enchant weapon for 120 gold pieces
 34220 | Bazaar   | Bought a scroll of enchant weapon for 120 gold pieces
 34227 | Elf:2    | Acquired 1081 gold pieces
 34423 | Elf:2    | Found a runed translucent gate.
 34424 | Elf:2    | Found a runed translucent gate.
 34424 | Elf:2    | Found a runed translucent gate.
 34459 | Elf:3    | Entered Level 3 of the Elven Halls
 34577 | Elf:3    | Found a portal to a secret trove of treasure.
 34682 | Elf:3    | Identified the amulet "Giwniod" {Faith -Tele rPois Will-
                  | SInv}
 34721 | Elf:3    | Received a gift from Trog
 34813 | Elf:3    | Reached XP level 22. HP: 112/216 MP: 8/24
 35065 | Elf:3    | Identified the +5 scale mail of Elyvilon, Lusting {Rampage
                  | rCorr Dex+4}
 35099 | Elf:3    | Identified the +2 whip "Buha" {drain, rF- rN+ SInv}
 35393 | Elf:3    | Found an ancient bone altar of Kikubaaqudgha.
 35540 | Elf:3    | Found Vefal's Jewellery Emporium.
 35913 | Depths:1 | Entered Level 1 of the Depths
 36093 | Depths:1 | Received a gift from Trog
 36476 | Depths:1 | Identified the +7 chain mail of the Devil's Team {Int+2}
 36663 | Depths:1 | Found a gateway to Hell.
 36754 | Depths:1 | Found a transporter.
 36757 | Depths:1 | Noticed a juggernaut
 36763 | Depths:1 | Found a transporter.
 36921 | Depths:1 | Found a one-way gate to the infinite horrors of the Abyss.
 36924 | Depths:1 | Identified the +1 robe of Fiott {rElec rF- rC+++ Regen+}
 37268 | Depths:2 | Reached skill level 15 in Evocations
 37327 | Depths:2 | Received a gift from Trog
 37380 | Depths:2 | Noticed a golden dragon
 37397 | Depths:2 | Noticed a golden dragon
 37414 | Depths:2 | Killed a golden dragon
 37420 | Depths:2 | Killed a golden dragon
 37448 | Depths:2 | Reached skill level 23 in Armour
 37803 | Depths:2 | Found a stormy altar of Qazlal.
 38243 | Depths:3 | Found a one-way gate leading to the halls of Pandemonium.
 38260 | Depths:3 | Noticed Parghit
 38279 | Depths:3 | Killed Parghit
 38504 | Depths:3 | Found a white marble altar of Elyvilon.
 38584 | Depths:3 | Received a gift from Trog
 38740 | Depths:3 | Identified the +0 leather armour "Tanuz" {MP+9 Slay+2 SInv}
 38849 | Depths:3 | Found Moram's General Store.
 38852 | Depths:3 | Found Odigoo Daes's General Store.
 38852 | Depths:3 | Found Middiluc's Distillery.
 38862 | Depths:3 | Noticed Frederick
 38866 | Depths:3 | Found Nusoguug's Magic Scroll Boutique.
 38875 | Depths:3 | Killed Frederick
 38896 | Depths:3 | Bought a scroll of blinking for 105 gold pieces
 38905 | Depths:3 | Bought a potion of haste for 170 gold pieces
 38905 | Depths:3 | Bought a potion of might for 68 gold pieces
 39178 | Depths:4 | Entered Level 4 of the Depths
 39272 | Depths:4 | Found a one-way gateway to a ziggurat.
 39283 | Depths:4 | Paralysed by a floating eye for 2 turns
 39321 | Depths:4 | Paralysed by a floating eye for 4 turns
 39454 | Depths:4 | Reached XP level 23. HP: 225/225 MP: 25/25
 39539 | Depths:4 | Found a gate to the Realm of Zot.
 39910 | Depths:4 | Found a runed translucent door.
 39916 | Depths:4 | Noticed a caustic shrike
 39916 | Depths:4 | Noticed a caustic shrike
 39916 | Depths:4 | Noticed a caustic shrike
 39919 | Depths:4 | Paralysed by a floating eye for 2 turns
 39925 | Depths:4 | Paralysed by a floating eye for 4 turns
 40020 | Depths:4 | Paralysed by a floating eye for 4 turns
 40027 | Depths:4 | Paralysed by a floating eye for 4 turns
 40375 | Slime:1  | Entered Level 1 of the Pits of Slime
 40676 | Slime:4  | Received a gift from Trog
 40684 | Slime:4  | Gained mutation: You sometimes lose your temper in combat.
                  | [a shining eye]
 40724 | Slime:5  | Entered Level 5 of the Pits of Slime
 40865 | Slime:5  | Noticed the Royal Jelly
 40880 | Slime:5  | Killed the Royal Jelly
 41078 | Slime:5  | Identified the ring of Iqolaah {Ice rPois Slay+5}
 41097 | Slime:5  | Identified the ring of Fonkih {Fly Dex+4}
 41102 | Slime:5  | Got a slimy rune of Zot
 41125 | Slime:5  | Identified the amulet "Epreah" {RegenMP rF- rN+++ MP+9
                  | SInv}
 41216 | Slime:5  | Received a gift from Trog
 41881 | Elf:3    | You showed the slimy rune of Zot to enter a treasure trove
 41882 | Trove    | Entered a treasure trove
 41945 | Elf:3    | Lost mutation: You sometimes lose your temper in combat.
                  | [potion of mutation]
 41945 | Elf:3    | Lost mutation: You have an increased reservoir of magic.
                  | (+10% MP) [potion of mutation]
 41945 | Elf:3    | Lost mutation: Your mind is acute. (Int +4, Str/Dex -1)
                  | [potion of mutation]
 41945 | Elf:3    | Gained mutation: You are clumsy. (Dex -2) [potion of
                  | mutation]
 41945 | Elf:3    | Lost mutation: You are clumsy. (Dex -2) [potion of
                  | mutation]
 41945 | Elf:3    | Gained mutation: You are clumsy. (Dex -2) [potion of
                  | mutation]
 41945 | Elf:3    | Gained mutation: You are somewhat resistant to further
                  | mutation. [potion of mutation]
 42272 | Depths:1 | Voluntarily entered the Abyss.
 42356 | Abyss:4  | Paralysed by accursed screaming for 1 turns
 42376 | Abyss:4  | Paralysed by accursed screaming for 1 turns
 42382 | Abyss:4  | Paralysed by accursed screaming for 1 turns
 42414 | Abyss:4  | Got an abyssal rune of Zot
 42422 | Depths:1 | Escaped the Abyss
 42628 | Vaults:5 | Entered Level 5 of the Vaults
 42647 | Vaults:4 | Received a gift from Trog
 42850 | Vaults:5 | Reached skill level 24 in Armour
 42966 | Vaults:5 | Identified the +10 trident "Meeloph" {drain, rF+ rC+ Str+3}
 43018 | Vaults:5 | Reached XP level 24. HP: 235/237 MP: 23/23
 43018 | Vaults:5 | Noticed an ancient lich
 43105 | Vaults:5 | Received a gift from Trog
 43240 | Vaults:4 | Killed an ancient lich
 43637 | Vaults:5 | Identified the +4 flail of the Vulture {antimagic, rN+
                  | Str+3} (Trog gifted it to you on level 5 of the Vaults)
 43637 | Vaults:5 | Received a gift from Trog
 43860 | Vaults:5 | Identified the +5 mace "Kuoborr" {pain, Fly rElec MP+9
                  | Int+3}
 43865 | Vaults:5 | Identified the +6 flail of the End {vamp, rElec Str-4 Int+3
                  | Dex+3}
 44124 | Vaults:5 | Identified the +5 scale mail of Mumo {Regen+}
 44181 | Vaults:5 | Identified the +2 great sword of Tagued {antimagic, Dex+4}
 44426 | Vaults:5 | Got a silver rune of Zot
 44895 | Orc:2    | Bought the ring of Fanaticism {rCorr Slay+3} for 554 gold
                  | pieces
 45181 | Zot:1    | Entered Level 1 of the Realm of Zot
 45380 | Zot:1    | Received a gift from Trog
 46221 | Zot:1    | Received a gift from Trog
 46696 | Zot:2    | Noticed Cemmere's ghost (veteran TrCK)
 46771 | Zot:2    | Reached XP level 25. HP: 203/247 MP: 7/23
 47091 | Zot:2    | Reached skill level 25 in Armour
 47678 | Zot:2    | Found a runed translucent door.
 48350 | Zot:3    | Reached skill level 10 in Dodging
 48457 | Zot:3    | Received a gift from Trog
 49314 | Zot:4    | Received a gift from Trog
 50382 | Zot:5    | Entered Level 5 of the Realm of Zot
 50566 | Zot:5    | Identified the +0 scale mail "Xeoboa" {Rampage rElec Dex+4
                  | Slay-3}
 50822 | Zot:5    | Noticed a dread lich
 50832 | Zot:5    | Killed a dread lich
 50834 | Zot:5    | Reached XP level 26. HP: 258/258 MP: 7/23
 50840 | Zot:5    | Noticed an ancient lich
 50862 | Zot:5    | Killed an ancient lich
 50863 | Zot:5    | Noticed an orb of fire
 50961 | Zot:5    | Noticed an orb of fire
 50965 | Zot:5    | Noticed an orb of fire
 50980 | Zot:5    | Killed an orb of fire
 50991 | Zot:5    | Killed an orb of fire
 51215 | Zot:5    | Gained mutation: You sometimes lose your temper in combat.
                  | [an orb of fire]
 51218 | Zot:5    | Killed an orb of fire
 51302 | Zot:5    | Noticed an orb of fire
 51303 | Zot:5    | Noticed an orb of fire
 51308 | Zot:5    | Noticed an orb of fire
 51313 | Zot:5    | Reached skill level 26 in Armour
 51315 | Zot:5    | Noticed a dread lich
 51325 | Zot:5    | Killed an orb of fire
 51335 | Zot:5    | Gained mutation: You are vulnerable to cold. (rC-) [an orb
                  | of fire]
 51337 | Zot:5    | Killed an orb of fire
 51351 | Zot:5    | Killed an orb of fire
 51373 | Zot:5    | Killed a dread lich
 51587 | Zot:5    | Received a gift from Trog
 51685 | Zot:5    | Noticed an ancient lich
 51701 | Zot:5    | Killed an ancient lich
 52295 | Zot:5    | Lost mutation: You sometimes lose your temper in combat.
                  | [potion of mutation]
 52295 | Zot:5    | Lost mutation: You are clumsy. (Dex -2) [potion of
                  | mutation]
 52295 | Zot:5    | Lost mutation: You are somewhat resistant to further
                  | mutation. [potion of mutation]
 52295 | Zot:5    | Lost mutation: You are vulnerable to cold. (rC-) [potion of
                  | mutation]
 52295 | Zot:5    | Gained mutation: Your spells are a little harder to cast,
                  | but a little more powerful. [potion of mutation]
 52295 | Zot:5    | Gained mutation: You are frail. (-10% HP) [potion of
                  | mutation]
 52295 | Zot:5    | Gained mutation: Your tail ends in a venomous barb. [potion
                  | of mutation]
 52296 | Zot:5    | Lost mutation: You are frail. (-10% HP) [potion of
                  | mutation]
 52296 | Zot:5    | Lost mutation: Your spells are a little harder to cast, but
                  | a little more powerful. [potion of mutation]
 52296 | Zot:5    | Lost mutation: Your tail ends in a venomous barb. [potion
                  | of mutation]
 52296 | Zot:5    | Gained mutation: You passively dampen the noise of your
                  | surroundings. [potion of mutation]
 52296 | Zot:5    | Gained mutation: You are clumsy. (Dex -2) [potion of
                  | mutation]
 52296 | Zot:5    | Gained mutation: You occasionally lose the ability to read
                  | scrolls when taking damage. [potion of mutation]
 52296 | Zot:5    | Gained mutation: You are dopey. (Int -2) [potion of
                  | mutation]
 52296 | Zot:5    | Gained mutation: Your muscles are strong. (Str +4, Int/Dex
                  | -1) [potion of mutation]
 52296 | Zot:5    | Gained mutation: You have a pair of small horns on your
                  | head. [potion of mutation]
 52296 | Zot:5    | Gained mutation: You have a pair of horns on your head.
                  | [potion of mutation]
 52297 | Zot:5    | Lost mutation: You occasionally lose the ability to read
                  | scrolls when taking damage. [potion of mutation]
 52297 | Zot:5    | Lost mutation: Your muscles are strong. (Str +4, Int/Dex
                  | -1) [potion of mutation]
 52297 | Zot:5    | Lost mutation: You are clumsy. (Dex -2) [potion of
                  | mutation]
 52297 | Zot:5    | Lost mutation: You have a pair of horns on your head.
                  | [potion of mutation]
 52297 | Zot:5    | Gained mutation: You sometimes lose your temper in combat.
                  | [potion of mutation]
 52297 | Zot:5    | Lost mutation: You are dopey. (Int -2) [potion of mutation]
 52297 | Zot:5    | Gained mutation: You are frail. (-10% HP) [potion of
                  | mutation]
 52297 | Zot:5    | Gained mutation: Your system is resistant to poisons.
                  | (rPois) [potion of mutation]
 52297 | Zot:5    | Gained mutation: Your tail ends in a venomous barb. [potion
                  | of mutation]
 52298 | Zot:5    | Lost mutation: Your tail ends in a venomous barb. [potion
                  | of mutation]
 52298 | Zot:5    | Lost mutation: You are frail. (-10% HP) [potion of
                  | mutation]
 52298 | Zot:5    | Lost mutation: You sometimes lose your temper in combat.
                  | [potion of mutation]
 52298 | Zot:5    | Lost mutation: Your system is resistant to poisons. (rPois)
                  | [potion of mutation]
 52298 | Zot:5    | Gained mutation: You expend magic power (3 MP) to
                  | strengthen your wands. [potion of mutation]
 52298 | Zot:5    | Gained mutation: You are resistant to electric shocks.
                  | (rElec) [potion of mutation]
 52298 | Zot:5    | Gained mutation: You are strong-willed. (Will+) [potion of
                  | mutation]
 52298 | Zot:5    | Gained mutation: You have hidden genetic defects. [potion
                  | of mutation]
 52298 | Zot:5    | Gained mutation: You have large cloven feet. [potion of
                  | mutation]
 53231 | Zot:5    | Got the Orb of Zot
 53945 | D:$      | Escaped with the Orb!

Illustrated notes

Levels and vault maps discovered:
D:1:      kilobyte_arrival_exit_the_forest, layout_loops_ring, st_stairs_1
D:2:      layout_loops_cross, minmay_tree_intersection, minmay_misc_feat_cross,
          chequers_serial_rivers_small_a, uniq_jessica, uniq_robin
D:3:      layout_loops_ring, gammafunk_ghost_arena, serial_shops, shop_statue,
          kennysheep_generic_room_6
D:4:      layout_basic
D:5:      layout_cave_pools, minmay_temple_entry_offerings,
          gammafunk_ghost_mausoleum, chequers_serial_rivers_micro_a,
          nicolae_shop_vocational, uniq_eustachio
D:6:      layout_loops_ring, uniq_prince_ribbit1, uniq_crazy_yiuf_cottage,
          uniq_edmund
D:7:      layout_cave_pools, mainiacjoe_overflow_alcove_1, serial_column_ruins,
          column_ruins_grid_1, column_ruins_columns_corner,
          column_ruins_open_tiny, column_ruins_grid_4, column_ruins_open_small,
          serial_shops, nicolae_shop_overgrown_old_shop,
          minmay_misc_feat_columns, serial_park_tiny_pond,
          minmay_fire_ice_demons
D:8:      layout_layer_cave, serial_shops,
          nicolae_shop_temple_entry_statues_fountains, uniq_psyche
D:9:      layout_gridville, enter_bailey_5, uniq_grum
D:10:     layout_irregular_city, due_lair_maze_entry_diamond, hiddenorc2_lemuel,
          uniq_harold
D:11:     layout_irregular_city, gauntlet_entry_generic,
          hellmonk_guarded_unrand_night
D:12:     layout_roguey, ebering_ghost_reflecting_pool, serial_shops,
          nicolae_stop_n_shop_2, drop_trap, water_boxes_lemuel, uniq_frances
D:13:     layout_basic, david_vaults_1, serial_shops, nicolae_diamond_shop
D:14:     layout_cave_pools, minmay_misc_feat_tower, gammafunk_ghost_stat_death,
          drop_trap, serial_park_tiny_2
D:15:     grunt_enter_depths_giant_problem, layout_cave_pools, serial_ice,
          serial_ice_b, serial_ice_i, serial_ice_a, serial_ice_g, serial_ice_c,
          serial_ice_m, serial_ice_o, serial_ice_f, kennysheep_pointless_box,
          uniq_azrael
Temple:   mainiacjoe_temple_circle_huts
Lair:1:   layout_cellular_growth
Lair:2:   layout_cave_pods, portal_ice_cave_entry_pillars_1, uniq_sonja
Lair:3:   layout_long_grid, nicolae_shoals_entry_roost,
          nicolae_snake_entry_squirm, ebering_ghost_rock_garden, tgw_fedhas,
          lemuel_fruit_tree
Lair:4:   layout_hall_layers, amcnicky_mini_pool_medium,
          infiniplex_staircase_pool_2
Lair:5:   wormcave, layout_gridlike, slime_entry_1
Shoals:1: layout_shoals, nicolae_shoals_pincushion_passage, uniq_louise,
          uniq_nikola, uniq_josephine
Shoals:2: layout_shoals, nicolae_shoals_stone_sculpture_thing
Shoals:3: layout_shoals, uniq_polyphemus
Shoals:4: shoals_end_hellmonk_lost_city
Snake:1:  layout_rooms
Snake:2:  nicolae_snake_attic_fulla_snakes, layout_misc_corridors, special_room,
          gammafunk_ghost_cemetery
Snake:3:  minmay_snake_river, layout_chambers, serial_shops,
          nicolae_shop_advertising_works [nicolae_subvault_shop_adworks],
          uniq_aizul
Snake:4:  snake_pit, layout_cave_town, gammafunk_ghost_split, serial_shops,
          shop, statue_in_the_mist_lemuel, nicolae_snake_salamander_jacuzzi,
          grunt_megastairs_5, uniq_bai_suzhen, uniq_mara
Slime:1:  layout_caves, nicolae_slime_getting_an_eyeful
Slime:2:  layout_caves, cheibrodos_slime_lost_civilization_7
Slime:3:  layout_caves, basic_altar
Slime:4:  layout_caves
Slime:5
Orc:1:    layout_diamond_mine, serial_shops, shop, uniq_nergalle
Orc:2:    kennysheep_orc_mage_school, layout_caves, serial_shops,
          shop_fountains, okawaru_metal_pillars_1_2
Elf:1:    eino_elf_arrival_the_gate, layout_geoelf_octagon,
          minmay_elf_annihilation
Elf:2:    nicolae_elf_blades_crystal_corner, layout_loops_ring, serial_shops,
          bzr_entry_gold
Elf:3:    minmay_elf_hall, layout_onion_city, basic_altar,
          trove_entry_hex_spiral, serial_shops, nicolae_shop_waterfront
Vaults:1: ebering_ghost_reflecting_pool, st_octagons_2, v_misc_10,
          hangedman_vaults_corner, nicolae_vaults_big_ls,
          hangedman_vaults_restitches, vaults_dpeg_cross, v_misc_32,
          hangedman_vaults_hat, v_misc_23, nicolae_vaults_ring_of_whatevers,
          layout_vaults_maze, uniq_saint_roka
Vaults:2: hangedman_vaults_corner_blocks, nicolae_vaults_halls_meeting,
          grunt_vaults_focal, v_misc_3, minmay_crypt_entry_necro_gods,
          nicolae_vaults_little_squares_6, nicolae_vaults_asterisk, v_misc_27,
          nicolae_vaults_border_crossing, dpeg_vaults_monster_box,
          layout_vaults_omnigrid, uniq_jory
Vaults:3: v_misc_28, nicolae_vaults_network_periphery, ontoclasm_vaults_idyll,
          v_rooms_1, v_misc_23, vaults_dpeg_spiral, ontoclasm_vaults_shuriken,
          vaults_mumra_hex, layout_vaults_ring, serial_shops,
          nicolae_shop_behind_doors
Vaults:4: v_misc_17, vaults_dpeg_encased_lava, nicolae_vaults_little_squares_3,
          ontoclasm_vaults_echo, vaults_room_pools, vaults_dpeg_doors,
          nicolae_vaults_big_angled_halls, v_misc_5,
          ontoclasm_vaults_claustrophobia, vaults_dpeg_ring,
          vaults_room_mumra_shop_pool, vaults_room_pools, layout_vaults_omnibox
Vaults:5: serial_shops
Depths:1: gammafunk_sealed_arena, layout_basic, grunt_hell_entry_dis_old,
          abyss_entry, minislime_mu
Depths:2: hangedman_cross_stitches, layout_gridlike,
          hangedman_abyss_or_decor_passed, hell_entry, rand_demon_pan_entry_9,
          dk_noncrumbling_4, nicolae_qazlal_style_of_elements
Depths:3: kennysheep_water_balloons, layout_gridville, abyss_entry_glasseish,
          elyvilon_altar_1, hangedman_coc_ice_floe, rand_demon_pan_entry_3,
          infiniplex_staircase_hallway_doors, minmay_shoptagon, uniq_frederick,
          uniq_parghit, uniq_josephina
Depths:4: grunt_zot_entry_bicorn, layout_small_grid, enter_ziggurat_c,
          minmay_fountain_box, lightli_too_deep, lightli_gold_pyramid
Zot:1:    grunt_deathspiral_small, layout_onion, grunt_ministairs_5
Zot:2:    layout_cathedral_of_symmetry, hellmonk_ghost_happy_afterlife
Zot:3:    layout_cellular_growth
Zot:4:    layout_cathedral_of_symmetry
Zot:5:    layout_misc_corridors

Skill      XL: |  1  2  3  4  5  6  7  8  9 10 11 12 13 14 15 16 17 18 19 20 21 22 23 24 25 26 |
---------------+-------------------------------------------------------------------------------+-----
Maces & Flails | 2 3 4 5 6 7 9 10 11 13 14 15 16 17 18 19 20 21 | 21.9
Fighting       | 3 4 5 7 8 9 10 12 13 14 15 16 17 18 19 20 21 | 21.4
Armour         | 4 5 7 8 10 12 14 16 17 18 19 20 21 22 23 24 25 26 | 26.4
Shields        | 4 6 7 10 12 13 15 16 17 18 19 20 21 22 23 | 23.2
Dodging        | 3 5 6 7 8 9 10 11 | 11.7
Evocations     | 4 9 12 14 15 16 18 20 21 | 21.2

Action                     |  1- 3 |  4- 6 |  7- 9 | 10-12 | 13-15 | 16-18 | 19-21 | 22-24 | 25-27 || total
---------------------------+-------+-------+-------+-------+-------+-------+-------+-------+-------++-------
  Melee: Flail             |    85 |    19 |       |   347 |       |       |       |       |       ||   451
         Tailslap          |     5 |     7 |    34 |   126 |    82 |   279 |   341 |   488 |   305 ||  1667
         Short sword       |       |   113 |   233 |   364 |       |       |       |       |       ||   710
         Spear             |       |       |       |    29 |       |    16 |       |       |       ||    45
         Eveningstar       |       |       |       |    82 |   467 |  1470 |  1606 |  1686 |   816 ||  6127
         Demon whip        |       |       |       |       |       |       |    90 |   430 |   455 ||   975
         Kick              |       |       |       |       |       |       |       |       |    47 ||    47
         Headbutt          |       |       |       |       |       |       |       |       |    27 ||    27
  Throw: Throwing net      |       |       |     1 |       |       |       |       |       |       ||     1
         Boomerang         |       |       |       |     3 |       |       |       |       |       ||     3
         Dart              |       |       |       |       |       |     1 |       |       |       ||     1
 Invoke: Berserk           |       |       |       |     9 |     4 |     9 |    14 |    12 |     9 ||    57
         Trog's Hand       |       |       |       |     2 |     4 |    15 |    13 |    15 |    14 ||    63
         Brothers in Arms  |       |       |       |       |       |     3 |     2 |     3 |     2 ||    10
  Evoke: Wand              |       |       |       |       |       |       |     4 |     2 |    14 ||    20
         Tin of tremorston |       |       |       |       |       |       |       |     4 |     3 ||     7
         Lightning rod     |       |       |       |       |       |       |       |     1 |       ||     1
    Use: Scroll            |       |     4 |     1 |    16 |     6 |    19 |     9 |    13 |    10 ||    78
         Potion            |       |     2 |       |       |     1 |     2 |     2 |     6 |    13 ||    26
   Stab: Sleeping          |       |       |     1 |     9 |       |     2 |       |       |       ||    12
         Distracted        |       |       |       |     1 |       |     2 |       |       |     1 ||     4
         Petrified         |       |       |       |       |       |       |    14 |       |       ||    14
 Armour: Scale mail        |    48 |    35 |       |       |       |       |       |       |       ||    83
         Skin              |       |    18 |       |       |       |       |       |       |       ||    18
         Chain mail        |       |    16 |    96 |       |       |       |       |       |       ||   112
         Steam dragon scal |       |       |    12 |   376 |   190 |    81 |       |       |       ||   659
         Ring mail         |       |       |       |       |       |   578 |       |       |       ||   578
         Plate armour      |       |       |       |       |       |    44 |   843 |   139 |       ||  1026
         Gold dragon scale |       |       |       |       |       |       |       |  1047 |   829 ||  1876
  Dodge: Dodged            |    37 |    29 |    74 |   535 |   207 |   495 |   366 |   476 |   311 ||  2530
  Block: Buckler           |    16 |    26 |    36 |   216 |       |       |       |       |       ||   294
         Tower shield      |       |       |       |    64 |   487 |  1622 |  2036 |  2408 |  1592 ||  8209

Table legend: (Time is in decaauts)
 A = Elapsed time spent in this place.
 B = Non-inter-level travel time spent in this place.
 C = Inter-level travel time spent in this place.
 D = Time resting spent in this place.
 E = Time spent auto-exploring this place.
 F = Levels seen in this place.
 G = Mean time per level.
                   A        B        C        D        E       F      G
               +--------+--------+--------+--------+--------+-----+--------+
         Total |  55478 |  48281 |   7197 |   3550 |  31065 |  63 |  880.6 |
       Dungeon |  13715 |  11491 |   2224 |    649 |   7772 |  15 |  914.3 |
        Temple |    353 |    297 |     56 |      0 |    275 |   1 |  353.0 |
          Lair |   4757 |   3976 |    781 |     97 |   2999 |   5 |  951.4 |
        Shoals |   3421 |   3240 |    181 |     60 |   2319 |   4 |  855.2 |
     Snake Pit |   4505 |   4279 |    226 |    496 |   2600 |   4 | 1126.2 |
    Slime Pits |   1239 |   1110 |    129 |    150 |    476 |   5 |  247.8 |
  Orcish Mines |   2312 |   1637 |    675 |    359 |    920 |   2 | 1156.0 |
   Elven Halls |   2781 |   2416 |    365 |     68 |   1747 |   3 |  927.0 |
        Vaults |   7870 |   7017 |    853 |    679 |   4501 |   5 | 1574.0 |
        Depths |   4999 |   4223 |    776 |    129 |   2983 |   4 | 1249.8 |
           Zot |   7660 |   6733 |    927 |    695 |   4067 |   5 | 1532.0 |
         Abyss |    472 |    472 |      0 |      0 |     26 |   5 |   94.4 |
        Bazaar |     57 |     57 |      0 |      0 |     19 |   1 |   57.0 |
         Trove |     53 |     53 |      0 |      0 |      0 |   1 |   53.0 |
        Bailey |    361 |    361 |      0 |     24 |     74 |   1 |  361.0 |
      Ice Cave |    507 |    507 |      0 |    139 |     77 |   1 |  507.0 |
      Gauntlet |    409 |    409 |      0 |      0 |    207 |   1 |  409.0 |
               +--------+--------+--------+--------+--------+-----+--------+

Top non-repeatable levels by time:
   Zot:5: 2011 daAuts
Vaults:2: 1894 daAuts
Vaults:4: 1838 daAuts
   Zot:2: 1663 daAuts
 Snake:3: 1611 daAuts
   Zot:1: 1609 daAuts
Depths:1: 1493 daAuts
Vaults:1: 1428 daAuts
   Elf:3: 1420 daAuts
Vaults:3: 1366 daAuts
Vaults:5: 1343 daAuts
 Snake:4: 1292 daAuts
     D:8: 1274 daAuts
    D:13: 1252 daAuts
   Zot:4: 1240 daAuts
